PA
SOUTH BEACH BLAZE @ PHOENIX HOTSPUR U-21
07/09/2029
 
TOP OF THE 1ST
South Beach Blaze batting - Pitching for Phoenix Hotspur U-21 : RHP Jorge Cruzan
Pitching: RHP Jorge Cruzan
Batting: RHB Giobbe Bastedo 0-0: Foul Ball, location: 2F
0-1: Ball
1-1: Ground out 6-3 (Groundball, 56)
Batting: RHB Harlan Peppers 0-0: SINGLE (Groundball, 6MD)
Batting: LHB Marcel Escoda 0-0: Ball
1-0: Ball
2-0: Called Strike
2-1: Ball
3-1: Foul Ball, location: 2F
3-2: Fielders Choice at 2nd, 4-6 (Groundball, 4M)
Batting: LHB Sepulveda Zambrano 0-0: Ball
1-0: Ball
2-0: Ball
3-0: Base on Balls
Marcel Escoda to second
Batting: LHB Raymond Graham 0-0: SINGLE (Line Drive, 4MD)
Marcel Escoda to third
Sepulveda Zambrano to second
Runner from 3rd tries for Home, SAFE, throw made home
Batting: SHB Serious Lee 0-0: Ball
1-0: SINGLE (Groundball, 6) (infield hit)
Sepulveda Zambrano to third
Raymond Graham to second
Batting: RHB Daniel Bertrand 0-0: GRAND SLAM HOME RUN (Flyball, 7D), Distance : 407 ft
Batting: RHB Greg Schiff 0-0: Called Strike
0-1: Ball
1-1: Foul Ball, location: 2F
1-2: Strikes out looking
Top of the 1st over - 5 runs, 4 hits, 0 errors, 0 left on base; South Beach 5 - Phoenix 0
BOTTOM OF THE 1ST
Phoenix Hotspur U-21 batting - Pitching for South Beach Blaze : RHP José Sauls
Pitching: RHP José Sauls
Batting: LHB Damian Alldred 0-0: Ball
1-0: Swinging Strike
1-1: Ball
2-1: Ball
3-1: Foul Ball, location: 2F
3-2: Strikes out swinging
Batting: LHB Tyler Kinjeketile 0-0: Ball
1-0: Foul Ball, location: 2F
1-1: Called Strike
1-2: Ground out 4-3 (Groundball, 4)
Batting: LHB Jason DeGeorge 0-0: Foul Ball, location: 2F
0-1: Swinging Strike
0-2: Ball
1-2: Ball
2-2: Ground out 5-3 (Groundball, 56)
Bottom of the 1st over - 0 runs, 0 hits, 0 errors, 0 left on base; South Beach 5 - Phoenix 0
TOP OF THE 2ND
South Beach Blaze batting - Pitching for Phoenix Hotspur U-21 : RHP Jorge Cruzan
Batting: RHB Ed Bowers 0-0: Ball
1-0: Ball
2-0: SINGLE (Line Drive, 8LS)
Batting: RHB Giobbe Bastedo 0-0: Ball
1-0: Ball
2-0: Fly out, F8 (Line Drive, 8LM)
Batting: RHB Harlan Peppers 0-0: Grounds into double play, 6-4-3 (Groundball, 6)
Top of the 2nd over - 0 runs, 1 hit, 0 errors, 0 left on base; South Beach 5 - Phoenix 0
BOTTOM OF THE 2ND
Phoenix Hotspur U-21 batting - Pitching for South Beach Blaze : RHP José Sauls
Batting: LHB Mark Detamore 0-0: Ball
1-0: Foul Ball, location: 2F
1-1: Foul Ball, location: 2F
1-2: Ball
2-2: SINGLE (Groundball, 34D)
Batting: RHB Juan Negrete 0-0: Called Strike
0-1: Ball
1-1: Called Strike
1-2: Strikes out looking
Batting: RHB Jim Justice 0-0: Called Strike
0-1: Fielders Choice at 2nd, 3-6 (Groundball, 34)
Batting: RHB Bill Erickson 0-0: Ball
Throwing error on steal attempt, E2
Jim Justice to third
1-0: Called Strike
1-1: Swinging Strike
1-2: Ball
2-2: Strikes out swinging
Bottom of the 2nd over - 0 runs, 1 hit, 1 error, 1 left on base; South Beach 5 - Phoenix 0
TOP OF THE 3RD
South Beach Blaze batting - Pitching for Phoenix Hotspur U-21 : RHP Jorge Cruzan
Batting: LHB Marcel Escoda 0-0: Foul Ball, location: 2F
0-1: Ball
1-1: Ball
2-1: Swinging Strike
2-2: Foul Ball, location: 2F
2-2: Fly out, F8 (Flyball, 8RD)
Batting: LHB Sepulveda Zambrano 0-0: Ball
1-0: Fly out, F4 (Line Drive, 34D)
Batting: LHB Raymond Graham 0-0: Foul Ball, location: 2F
0-1: Ball
1-1: Foul Ball, location: 2F
1-2: Ball
2-2: Ball
3-2: Base on Balls
Batting: SHB Serious Lee 0-0: Called Strike
0-1: Called Strike
0-2: Ball
1-2: Ball
2-2: Ball
3-2: DOUBLE (Flyball, 8LD)
Raymond Graham to third
Raymond Graham scores
Batting: RHB Daniel Bertrand 0-0: Called Strike
0-1: Ball
1-1: Ball
2-1: Fly out, F9 (Flyball, 89XD)
Top of the 3rd over - 1 run, 1 hit, 0 errors, 1 left on base; South Beach 6 - Phoenix 0
BOTTOM OF THE 3RD
Phoenix Hotspur U-21 batting - Pitching for South Beach Blaze : RHP José Sauls
Batting: RHB Braylen Sampson 0-0: Called Strike
0-1: Ball
1-1: Ball
2-1: Ground out 6-3 (Groundball, 6S)
Batting: RHB Greg Billingsley 0-0: Ball
1-0: Foul Ball, location: 2F
1-1: Foul Ball, location: 2F
1-2: Ball
2-2: Foul Ball, location: 2F
2-2: Strikes out looking
Pitching: RHP Nésto Gago
Batting: LHB Damian Alldred 0-0: Foul Ball, location: 2F
0-1: Ball
1-1: Ball
2-1: Ball
3-1: Ground out 6-3 (Groundball, 6)
Bottom of the 3rd over - 0 runs, 0 hits, 0 errors, 0 left on base; South Beach 6 - Phoenix 0
TOP OF THE 4TH
South Beach Blaze batting - Pitching for Phoenix Hotspur U-21 : RHP Jorge Cruzan
Batting: RHB Greg Schiff 0-0: Foul Ball, location: 2F
0-1: Ball
1-1: Swinging Strike
1-2: Strikes out swinging
Batting: RHB Ed Bowers 0-0: Called Strike
0-1: Swinging Strike
0-2: Ball
1-2: Strikes out looking
Batting: RHB Giobbe Bastedo 0-0: Foul Ball, location: 2F
0-1: Foul Ball, location: 2F
0-2: Ball
1-2: Ball
2-2: Ball
3-2: Foul Ball, location: 2F
3-2: Foul Ball, location: 2F
3-2: Base on Balls
Batting: RHB Harlan Peppers 0-0: Swinging Strike
0-1: Fly out, F8 (Flyball, 8LD)
Top of the 4th over - 0 runs, 0 hits, 0 errors, 1 left on base; South Beach 6 - Phoenix 0
BOTTOM OF THE 4TH
Phoenix Hotspur U-21 batting - Pitching for South Beach Blaze : RHP Nésto Gago
Batting: LHB Tyler Kinjeketile 0-0: Ball
1-0: Called Strike
1-1: DOUBLE (Line Drive, 9D)
Batting: LHB Jason DeGeorge 0-0: Ball
1-0: Foul Ball, location: 2F
1-1: Ball
2-1: SINGLE (Groundball, 4MD)
Tyler Kinjeketile to third
Batting: LHB Mark Detamore 0-0: Ball
1-0: Ball
2-0: Called Strike
2-1: Called Strike
2-2: SINGLE (Line Drive, 56D)
Tyler Kinjeketile scores
Jason DeGeorge to second
Batting: RHB Juan Negrete 0-0: Foul Ball, location: 2F
0-1: Swinging Strike
0-2: Ball
1-2: Strikes out swinging
Batting: RHB Jim Justice 0-0: Foul Ball, location: 2F
0-1: Ball
1-1: Ball
2-1: Foul Ball, location: 2F
2-2: Grounds into double play, 5-4-3 (Groundball, 56)
Bottom of the 4th over - 1 run, 3 hits, 0 errors, 1 left on base; South Beach 6 - Phoenix 1
TOP OF THE 5TH
South Beach Blaze batting - Pitching for Phoenix Hotspur U-21 : RHP Jorge Cruzan
Batting: LHB Marcel Escoda 0-0: Ball
1-0: Ball
2-0: Ground out 6-3 (Groundball, 6)
Batting: LHB Sepulveda Zambrano 0-0: Called Strike
0-1: Fly out, F4 (Line Drive, 4)
Batting: LHB Raymond Graham 0-0: Ball
1-0: Called Strike
1-1: Fly out, F7 (Flyball, 7D)
Top of the 5th over - 0 runs, 0 hits, 0 errors, 0 left on base; South Beach 6 - Phoenix 1
BOTTOM OF THE 5TH
Phoenix Hotspur U-21 batting - Pitching for South Beach Blaze : RHP Nésto Gago
Batting: RHB Bill Erickson 0-0: Called Strike
0-1: Foul Ball, location: 2F
0-2: Ball
1-2: Strikes out swinging
Batting: RHB Braylen Sampson 0-0: Ball
1-0: Ball
2-0: Foul Ball, location: 2F
2-1: Ground out 6-3 (Groundball, 6)
Batting: RHB Greg Billingsley 0-0: Called Strike
0-1: Ball
1-1: SINGLE (Groundball, 6MD)
Batting: LHB Damian Alldred 0-0: Ball
Wild Pitch!
Greg Billingsley to second
1-0: Ball
2-0: Called Strike
2-1: Foul Ball, location: 2F
2-2: Strikes out swinging
Bottom of the 5th over - 0 runs, 1 hit, 0 errors, 1 left on base; South Beach 6 - Phoenix 1
TOP OF THE 6TH
South Beach Blaze batting - Pitching for Phoenix Hotspur U-21 : RHP Jorge Cruzan
Pitching: RHP Lucas Akerval
Batting: SHB Serious Lee 0-0: Fly out, F9 (Flyball, 9S)
Batting: RHB Daniel Bertrand 0-0: Foul Ball, location: 2F
0-1: Swinging Strike
0-2: Strikes out swinging
Batting: RHB Greg Schiff 0-0: Called Strike
0-1: Ball
1-1: Ball
2-1: Ball
3-1: Base on Balls
Batting: RHB Ed Bowers 0-0: Called Strike
Greg Schiff steals 2nd base
0-1: Ball
1-1: Ball
2-1: Swinging Strike
2-2: Strikes out swinging
Top of the 6th over - 0 runs, 0 hits, 0 errors, 1 left on base; South Beach 6 - Phoenix 1
BOTTOM OF THE 6TH
Phoenix Hotspur U-21 batting - Pitching for South Beach Blaze : RHP Nésto Gago
Batting: LHB Tyler Kinjeketile 0-0: Ball
1-0: Ball
2-0: Ball
3-0: Called Strike
3-1: Called Strike
3-2: Foul Ball, location: 2F
3-2: Strikes out swinging
Batting: LHB Jason DeGeorge 0-0: Called Strike
0-1: Foul Ball, location: 2F
0-2: Strikes out swinging
Batting: LHB Mark Detamore 0-0: Called Strike
0-1: Fly out, F6 (Popup, 6M)
Bottom of the 6th over - 0 runs, 0 hits, 0 errors, 0 left on base; South Beach 6 - Phoenix 1
TOP OF THE 7TH
South Beach Blaze batting - Pitching for Phoenix Hotspur U-21 : RHP Lucas Akerval
Batting: RHB Giobbe Bastedo 0-0: Swinging Strike
0-1: Ground out 5-3 (Groundball, 56S)
Batting: RHB Harlan Peppers 0-0: Called Strike
0-1: SINGLE (Groundball, 56D)
Batting: LHB Marcel Escoda 0-0: Called Strike
0-1: Ball
1-1: Fly out, F9 (Line Drive, 9)
Batting: LHB Sepulveda Zambrano 0-0: Called Strike
0-1: Foul Ball, location: 2F
0-2: SINGLE (Groundball, 6MD)
Harlan Peppers to second
Runner from 2nd tries for 3rd, SAFE, no throw
Batting: LHB Raymond Graham 0-0: Ball
1-0: Ball
2-0: Foul Ball, location: 2F
2-1: Ball
3-1: Base on Balls
Sepulveda Zambrano to second
Batting: SHB Serious Lee 0-0: Ground out 6-3 (Groundball, 6S)
Top of the 7th over - 0 runs, 2 hits, 0 errors, 3 left on base; South Beach 6 - Phoenix 1
BOTTOM OF THE 7TH
Phoenix Hotspur U-21 batting - Pitching for South Beach Blaze : RHP Nésto Gago
Batting: RHB Juan Negrete 0-0: Ball
1-0: Called Strike
1-1: Ball
2-1: Foul Ball, location: 2F
2-2: Ball
3-2: Foul Ball, location: 2F
3-2: Base on Balls
Pitching: RHP Aaron Briggs
Batting: RHB Jim Justice 0-0: Called Strike
0-1: Ball
1-1: Foul Ball, location: 2F
1-2: Foul Ball, location: 2F
1-2: Strikes out looking
Batting: RHB Bill Erickson 0-0: Called Strike
0-1: Swinging Strike
0-2: Ball
1-2: Strikes out swinging
Batting: RHB Braylen Sampson 0-0: Ball
1-0: Called Strike
1-1: Foul Ball, location: 2F
1-2: Ball
2-2: Foul Ball, location: 2F
2-2: Ball
3-2: Foul Ball, location: 2F
3-2: SINGLE (Line Drive, 7LM)
Juan Negrete to second
Juan Negrete to third
Batting: RHB Greg Billingsley 0-0: Called Strike
0-1: SINGLE (Groundball, 6MD)
Juan Negrete scores
Braylen Sampson to second
Batting: LHB Damian Alldred 0-0: Ball
1-0: Ball
2-0: Foul Ball, location: 2F
2-1: Fly out, F9 (Flyball, 9LSF)
Bottom of the 7th over - 1 run, 2 hits, 0 errors, 2 left on base; South Beach 6 - Phoenix 2
TOP OF THE 8TH
South Beach Blaze batting - Pitching for Phoenix Hotspur U-21 : RHP Lucas Akerval
Batting: RHB Daniel Bertrand 0-0: Called Strike
0-1: Foul Ball, location: 2F
0-2: Foul Ball, location: 2F
0-2: Ball
1-2: Ground out 4-3 (Groundball, 4)
Batting: RHB Greg Schiff 0-0: Called Strike
0-1: Called Strike
0-2: Strikes out swinging
Batting: RHB Ed Bowers 0-0: Ball
1-0: Swinging Strike
1-1: Ball
2-1: Ball
3-1: Called Strike
3-2: DOUBLE (Flyball, 8RD)
Batting: RHB Giobbe Bastedo 0-0: Ball
1-0: Foul Ball, location: 2F
1-1: Ball
2-1: Foul Ball, location: 2F
2-2: Strikes out swinging
Top of the 8th over - 0 runs, 1 hit, 0 errors, 1 left on base; South Beach 6 - Phoenix 2
BOTTOM OF THE 8TH
Phoenix Hotspur U-21 batting - Pitching for South Beach Blaze : RHP Aaron Briggs
Batting: LHB Tyler Kinjeketile 0-0: Called Strike
0-1: Ball
1-1: Ball
2-1: Ground out U3 (Groundball, 34S)
Batting: LHB Jason DeGeorge 0-0: Ball
1-0: Swinging Strike
1-1: Reached on error, E4 (Groundball, 4)
Batting: LHB Mark Detamore 0-0: Ball
1-0: Called Strike
1-1: Called Strike
1-2: Ball
2-2: Strikes out swinging
Batting: RHB Juan Negrete 0-0: Called Strike
0-1: Foul Ball, location: 2F
0-2: Ball
1-2: Foul Ball, location: 2F
1-2: Foul Ball, location: 2F
1-2: Fly out, F8 (Flyball, 8LS)
Bottom of the 8th over - 0 runs, 0 hits, 1 error, 1 left on base; South Beach 6 - Phoenix 2
TOP OF THE 9TH
South Beach Blaze batting - Pitching for Phoenix Hotspur U-21 : RHP Lucas Akerval
Pitching: RHP Jason MacDonald
Batting: RHB Harlan Peppers 0-0: Called Strike
0-1: Ground out 5-3 (Groundball, 56)
Batting: LHB Marcel Escoda 0-0: Fly out, F5 (Popup, 56S)
Batting: LHB Sepulveda Zambrano 0-0: Foul Ball, location: 2F
0-1: Ball
1-1: Foul Ball, location: 2F
1-2: Foul Ball, location: 2F
1-2: Ball
2-2: Ground out 4-3 (Groundball, 34)
Top of the 9th over - 0 runs, 0 hits, 0 errors, 0 left on base; South Beach 6 - Phoenix 2
BOTTOM OF THE 9TH
Phoenix Hotspur U-21 batting - Pitching for South Beach Blaze : RHP Aaron Briggs
Now in CF: Ed Gordon
Batting: RHB Jim Justice 0-0: Ball
1-0: Foul Ball, location: 2F
1-1: Ball
2-1: Ball
3-1: Base on Balls
Batting: RHB Bill Erickson 0-0: Foul Ball, location: 2F
0-1: Swinging Strike
0-2: Fly out, F4 (Popup, 4D)
Batting: RHB Braylen Sampson 0-0: Called Strike
0-1: Grounds into double play, 5-4-3 (Groundball, 56)
Bottom of the 9th over - 0 runs, 0 hits, 0 errors, 0 left on base; South Beach 6 - Phoenix 2
Tuesday, December 19th, 2017 - OOTP Baseball 18.8 Build 76